Map: Galactic Process LE

Players

RuFF

  • Race: Terran Terran
  • League: Grandmaster

Kelazhur - Winner!

  • Race: Terran Terran

Event: Cheesadelphia Summer 2016

VOD

Have the link to the VOD?

Description

Time

  • Played on: July 24, 2016, 4:16 p.m.
  • Length: 15:22

All games in this series

Show
View Real Time Build Order
Export as new Build Order

RuFF Terran 

Build Orders: Hellion Opening, Reaper Expand, Mech 

Get SALT Encoding   

  12  0:00  SCV  
  13  0:13  SCV  
  14  0:18  Supply Depot  
  14  0:25  SCV  
  15  0:30  Refinery  
  15  0:39  SCV  
  16  0:45  Barracks  
  16  0:51  SCV  
  17  1:03  SCV  
  18  1:17  SCV  
  19  1:31  Orbital Command  
  19  1:32  Reaper  
  20  1:59  Factory  
  20  2:02  SCV  
  20  2:08  Command Center  
  21  2:11  Barracks Reactor  
  21  2:14  SCV  
  21  2:15  Supply Depot  
  22  2:26  SCV  
  23  2:40  SCV  
  23  2:45  Command Center  
  23  2:50  Hellion  
  25  2:52  SCV  
  25  2:55  Hellion  
  28  3:07  Starport  
  28  3:12  Hellion  
  30  3:23  Hellion  
  30  3:24  SCV  
  33  3:27  Barracks Reactor  
  33  3:33  Hellion  
  35  3:44  Hellion, Viking  
  39  3:56  SCV  
  39  3:57  Orbital Command  
  40  4:06  Orbital Command  
  40  4:19  SCV  
  40  4:21  Engineering Bay  
  40  4:22  Refinery  
  41  4:25  Orbital Command  
  41  4:27  SCV  
  41  4:30  Viking  
  44  4:31  SCV  
  44  4:36  Viking  
  47  4:40  SCV  
  47  4:45  Hellion x2  
  52  4:52  SCV  
  53  4:53  SCV  
  53  4:54  Refinery  
  53  4:59  Armory  
  54  5:00  SCV  
  54  5:04  SCV  
  56  5:11  Hellion  
  56  5:12  Hellion  
  60  5:15  SCV  
  60  5:16  Medivac  
  60  5:17  SCV  
  60  5:19  SCV  
  65  5:23  Refinery  
  65  5:27  SCV  
  66  5:29  Supply Depot  
  66  5:30  SCV  
  66  5:31  SCV  
  68  5:43  Supply Depot  
  68  5:44  Supply Depot  
  68  5:45  Factory  
  68  5:47  SCV  
  69  5:51  Hellion x2, Medivac  
  69  5:54  SCV  
  76  6:05  Hellion x2  
  76  6:06  Hellion x6  
  76  6:08  Supply Depot  
  76  6:10  SCV  
  77  6:15  Factory, SCV x2  
  77  6:16  Factory x2  
  79  6:21  Medivac  
  81  6:29  Factory Tech Lab  
  81  6:30  SCV  
  81  6:31  Refinery, SCV  
  83  6:33  Refinery  
  83  6:38  Supply Depot  
  83  6:41  Hellion x2  
  83  6:42  SCV  
  83  6:43  SCV  
  83  6:45  Missile Turret  
  83  6:46  SCV  
  90  6:51  Hellion, Sensor Tower  
  90  6:52  Hellion x2  
  90  6:54  Infernal Pre-Igniter, SCV  
  90  6:56  Hellion  
  90  6:59  Factory Tech Lab  
  90  7:00  Factory Tech Lab  
  93  7:03  SCV  
  94  7:09  Factory Tech Lab  
  94  7:16  SCV x2  
  94  7:17  SCV  
  94  7:20  Supply Depot  
  94  7:21  Supply Depot  
  97  7:23  Siege Tank  
  97  7:24  Siege Tank x2  
  97  7:29  Missile Turret, SCV  
  107  7:31  SCV  
  107  7:32  Missile Turret  
  108  7:41  Viking x2  
  108  7:42  Supply Depot, SCV  
  113  7:44  Supply Depot  
  113  7:48  Siege Tank  
  116  7:56  Siege Tank  
  119  8:01  Siege Tank  
  122  8:08  Hellion x3  
  122  8:14  Medivac x2  
  125  8:30  Siege Tank x2  
  125  8:31  Hellion x3  
  137  8:36  Command Center  
  137  8:47  Siege Tank  
  137  8:52  Siege Tank  
  140  9:00  Viking  
  140  9:02  Hellion x2, Siege Tank  
  149  9:04  Supply Depot  
  149  9:05  Supply Depot x3  
  149  9:07  Command Center, Supply Depot  
  149  9:08  Liberator  
  149  9:13  Liberator  
  149  9:26  Hellion, SCV  
  134  9:54  Siege Tank x2  
  134  9:55  Hellion  
  134  9:56  Planetary Fortress  
  142  10:02  SCV  
  142  10:05  Command Center  
  143  10:07  Command Center  
  143  10:08  Viking  
  143  10:13  Viking  
  147  10:15  Starport  
  147  10:16  Starport  
  147  10:21  SCV  
  147  10:23  SCV  
  147  10:27  Planetary Fortress  
  149  10:30  SCV  
  150  10:43  Viking x2  
  150  10:47  SCV  
  125  11:21  Siege Tank  
  125  11:22  Hellion x2, Siege Tank x2  
  136  11:40  Command Center  
  136  11:43  Command Center  
  136  11:44  Command Center  
  136  11:49  SCV  
  136  11:52  Armory  
  137  11:55  SCV x2, Armory  
  137  12:00  Missile Turret  
  139  12:02  Missile Turret  
  139  12:03  Missile Turret  
  139  12:06  Factory Tech Lab  
  139  12:10  SCV  
  139  12:11  Missile Turret  
  140  12:19  SCV  
  141  12:36  Siege Tank x2  
  147  12:43  Missile Turret x2  
  147  12:46  Missile Turret, Planetary Fortress  
  147  12:47  SCV  
  148  12:57  Planetary Fortress  
  148  13:01  Refinery x2  
  125  13:16  Siege Tank  
  125  13:17  Hellion x2  
  100  13:20  SCV  
  100  13:22  Siege Tank  
  87  13:35  Hellion  
  87  13:36  SCV  
  87  13:38  Hellion  
  87  13:39  Hellion  
  87  14:02  SCV x2  
  89  14:04  Barracks  
  89  14:08  Siege Tank  
  92  14:15  SCV x2  
  94  14:28  SCV x3  
  94  14:30  Armory  
  97  14:33  Factory Tech Lab  
  97  14:40  SCV  
  97  14:41  SCV  
  97  14:44  Refinery  
  99  14:56  SCV x2  
  99  14:57  SCV  
Show
View Real Time Build Order
Export as new Build Order

Kelazhur Terran - Winner!

Build Orders: Reaper Expand, MMM Bio 

Get SALT Encoding   

  12  0:00  SCV  
  13  0:13  SCV  
  14  0:17  Supply Depot  
  14  0:25  SCV  
  14  0:27  Refinery  
  15  0:38  SCV  
  16  0:44  Barracks  
  16  0:50  SCV  
  17  1:02  SCV  
  18  1:15  SCV  
  19  1:32  Reaper, Orbital Command  
  20  1:46  Command Center  
  20  1:59  SCV  
  21  2:05  Reaper  
  21  2:06  Factory  
  22  2:13  Supply Depot  
  22  2:36  SCV  
  22  2:38  Reaper  
  22  2:41  Refinery  
  23  2:49  SCV  
  23  2:50  Hellion  
  26  3:00  Orbital Command  
  26  3:01  SCV  
  26  3:02  Starport  
  27  3:11  Hellion  
  29  3:13  SCV  
  29  3:15  Barracks Tech Lab  
  30  3:25  SCV  
  31  3:28  SCV  
  32  3:34  Factory Tech Lab  
  32  3:37  SCV  
  32  3:40  SCV  
  34  3:42  Viking  
  34  3:46  Barracks Reactor  
  36  3:49  SCV  
  36  3:52  SCV  
  36  3:53  Cyclone  
  42  4:01  SCV  
  42  4:02  Supply Depot  
  43  4:05  Command Center  
  43  4:08  SCV  
  44  4:13  SCV  
  45  4:20  SCV  
  45  4:21  Supply Depot  
  45  4:23  Viking  
  48  4:26  SCV  
  48  4:29  Marine x2  
  51  4:31  Siege Tank  
  54  4:42  SCV x2  
  54  4:43  Supply Depot  
  56  4:50  Marine x2  
  58  4:54  Barracks  
  58  4:55  Barracks, SCV x2  
  60  5:07  SCV x2  
  60  5:09  Bunker  
  60  5:10  Marine x2  
  60  5:12  Refinery  
  60  5:13  Refinery  
  64  5:18  Orbital Command  
  64  5:19  SCV  
  64  5:21  SCV  
  66  5:30  Siege Tank  
  66  5:31  Marine, SCV  
  66  5:32  Marine  
  72  5:36  SCV  
  73  5:43  SCV  
  73  5:46  Barracks Tech Lab x2  
  73  5:47  SCV  
  73  5:48  SCV  
  76  5:50  Supply Depot  
  76  5:53  Marine x2  
  76  5:55  SCV  
  79  5:59  Engineering Bay  
  79  6:00  SCV x2  
  79  6:04  Combat Shields, Stimpack  
  81  6:07  SCV  
  81  6:08  Marauder  
  84  6:12  SCV x2, Marauder  
  84  6:18  Marine x2  
  90  6:19  SCV  
  90  6:24  Supply Depot  
  91  6:27  SCV x2  
  91  6:29  Starport Reactor  
  91  6:30  Supply Depot  
  93  6:36  Terran Infantry Weapons Level 1  
  93  6:44  Barracks  
  93  6:45  Marine x2  
  93  6:46  Barracks, Siege Tank, SCV x3  
  101  6:52  Marauder x2  
  105  6:58  Refinery, SCV x3  
  108  7:02  Supply Depot  
  108  7:05  Armory  
  108  7:08  Marine  
  109  7:10  Marine  
  109  7:18  Supply Depot x2  
  109  7:23  Missile Turret  
  109  7:24  Medivac x2, SCV  
  109  7:25  Missile Turret  
  109  7:29  Concussive Shells, Marine, Marauder  
  117  7:34  Barracks Tech Lab, Barracks Reactor  
  117  7:38  Barracks  
  117  7:39  Barracks, Marine  
  117  7:40  Marauder, Barracks, SCV x3  
  117  7:42  Siege Tank  
  126  7:49  Supply Depot  
  126  7:53  Marauder x2  
  126  7:55  Supply Depot  
  130  8:04  Marine  
  130  8:05  Marauder  
  133  8:09  Marine  
  133  8:10  Medivac x2  
  137  8:14  Marauder  
  137  8:16  Supply Depot  
  137  8:19  Marauder  
  141  8:20  Marine x2  
  141  8:22  Siege Tank  
  146  8:27  Barracks Tech Lab  
  146  8:28  Barracks Tech Lab, Barracks Reactor  
  146  8:30  Supply Depot  
  146  8:32  Marine  
  146  8:33  Marauder  
  149  8:35  Terran Infantry Weapons Level 2  
  149  8:38  Marine  
  150  8:42  Marine x2, Marauder  
  150  8:46  Marauder  
  150  8:47  Marauder  
  150  8:48  Marauder  
  157  8:50  Command Center, Engineering Bay  
  157  8:51  Supply Depot, Marine  
  157  8:54  Marauder  
  160  8:56  Marine  
  160  9:01  Marine x2  
  163  9:04  Marauder  
  163  9:07  Supply Depot  
  165  9:12  Marine  
  165  9:13  Medivac x2, Marauder  
  171  9:21  Terran Infantry Armor Level 1  
  171  9:22  Marauder  
  173  9:26  Supply Depot  
  173  9:29  Marine x5, Marauder  
  180  9:33  Supply Depot  
  180  9:34  Marine  
  181  9:41  Marauder  
  181  9:42  Marauder  
  181  9:43  Marauder  
  181  9:44  Marauder  
  164  9:47  Marine x2  
  164  9:48  Viking  
  164  9:49  Viking  
  164  9:51  Marauder  
  153  9:54  Marine  
  153  9:58  Marine  
  153  9:59  Marine  
  156  10:00  Marine  
  156  10:03  Marauder x2  
  156  10:04  Marauder  
  156  10:05  Siege Tank, Marauder  
  168  10:10  Marine x2  
  168  10:12  Marauder  
  172  10:18  Medivac  
  172  10:19  Medivac  
  176  10:23  SCV  
  176  10:26  SCV x2  
  179  10:34  Marine, Marauder  
  179  10:35  Missile Turret  
  182  10:41  Marine  
  182  10:42  Starport x2, Refinery, Marauder  
  185  10:46  Marauder  
  185  10:48  Medivac x2  
  191  10:50  Marauder x2  
  191  10:56  Marauder  
  197  11:03  Marauder  
  185  11:15  Marine, Marauder x3  
  157  11:19  Medivac x2  
  157  11:21  Siege Tank  
  164  11:25  Marauder  
  164  11:26  Marauder  
  164  11:28  Marine  
  161  11:33  Marine x4  
  161  11:34  Marine  
  161  11:36  Marauder x3  
  161  11:37  Planetary Fortress  
  171  11:43  Terran Infantry Weapons Level 3  
  171  11:46  Marine  
  170  11:58  Medivac x2  
  170  12:00  Terran Infantry Armor Level 2  
  170  12:01  Command Center  
  174  12:08  Starport Tech Lab, Starport Reactor  
  174  12:13  Marauder x3  
  174  12:14  Marine  
  174  12:15  Marauder x2  
  185  12:18  Terran Ship Weapons Level 1  
  185  12:21  Marine x3  
  188  12:29  Viking x2  
  194  12:30  Banshee  
  194  12:34  Marauder  
  197  12:38  Marine  
  197  12:39  Marauder  
  200  12:50  Refinery  
  200  12:51  Refinery  
  200  13:04  Command Center  
  176  13:14  Marauder x2  
  176  13:16  Marauder  
  160  13:22  Marine, Marauder x2  
  160  13:23  Medivac x2  
  162  13:28  Marine  
  162  13:32  Marine  
  149  13:35  Medivac x2, Marauder  
  149  13:36  Marauder  
  149  13:40  Medivac  
  149  13:41  Marine x4, Marauder  
  160  13:43  Marine, Marauder  
  155  13:51  Siege Tank  
  155  13:53  Viking  
  155  13:55  Marine x2  
  157  13:57  Marauder x2  
  157  13:58  Marine  
  157  14:01  Marauder  
  165  14:04  Marine  
  165  14:05  Viking, Marauder  
  165  14:09  Marine  
  170  14:10  Marine, Marauder  
  170  14:12  Viking x3  
  175  14:18  Marauder  
  175  14:19  Planetary Fortress  
  175  14:21  Missile Turret  
  177  14:35  Viking x2  
  181  14:42  Viking  
  186  15:00  Command Center  
  185  15:22  Command Center  
Tags
 
Add a new tag
Caveats
  • Supply blocks, unpowered buildings, or Contaminate may cause inaccurate times.
  • Supply counts are checked every 10 seconds.